 Dungeon Sprint DCSS version 0.31-a0-841-g038b102fc3 (webtiles) character file.

Game seed: 18421148939787119406

301 sircluck the Grappler (level 6, 0/102 HPs)
             Began as a Troll Berserker on Sept 27, 2023.
             Was a High Priest of Trog.
             Slain by a molten gargoyle
             ... wielding a +0 mace
              (12 damage)
             ... in the Dungeon (Sprint VII: "The Pits").
             The game lasted 00:00:24 (248 turns).

sircluck the Grappler (Troll Berserker)              Turns: 248, Time: 00:00:25

Health: 0/102      AC:  4    Str: 28    XL:     6   Next: 14%
Magic:  5/5        EV: 11    Int:  3    God:    Trog [*****.]
Gold:   0          SH:  0    Dex:  9    Spells: 5/5 levels left

rFire   . .          .
                       - Unarmed
rCold   . . .        (no shield)
rNeg    . . .        a - +0 animal skin
rPois   .            (helmet restricted)
rElec   .            (no cloak)
rCorr   .            (gloves unavailable)
SInv    .            (boots unavailable)
Will    .....        (no amulet) Stlth
                     (no ring)
HPRegen 1.17/turn    (no ring)
MPRegen 0.09/turn

%: no teleportation
@: berserking, very quick
A: large, unfitting armour, claws 3, regeneration 1, shaggy fur 1, tough skin 1
a: Renounce Religion, Berserk, Trog's Hand, Brothers in Arms


You were in the Dungeon.
You worshipped Trog.
Trog was extremely pleased with you.
You visited 1 branch

Inventory:

Armour
 a - a +0 animal skin (worn)
Scrolls
 g - a scroll of blinking
 i - 2 scrolls of vulnerability
 j - a scroll of butterflies
Potions
 b - 6 potions of curing
 c - 6 potions of heal wounds
 d - a potion of haste
 e - 4 potions of magic
 f - 3 potions of berserk rage
 h - 2 potions of invisibility


   Skills:
 + Level 6.7 Fighting
 + Level 6.7 Dodging
 + Level 8.0 Unarmed Combat


You had 5 spell levels left.
You didn't know any spells.
Your spell library was empty.

Dungeon Overview and Level Annotations

Branches:
Dungeon (1/1)

Altars:
Ashenzari
Cheibriados
Dithmenos
Elyvilon
Fedhas
Gozag
Hepliaklqana
Kikubaaqudgha
Makhleb
Nemelex Xobeh
Okawaru
Qazlal
Ru
Sif Muna
Trog
Uskayaw
Vehumet
Wu Jian
Xom
Yredelemnul
Zin
The Shining One
Jiyva
Lugonu


Innate Abilities, Weirdness & Mutations

You are too large for most types of armour.
You have claws for hands.
Your natural rate of healing is unusually fast.
You are covered in fur. (AC +1)
You have tough skin. (AC +1)


Message History

You open the door.
A ball python comes into view.
The ball python hisses angrily.
The ball python bites you but does no damage.
There is an open door here.
You mangle the ball python!!
You kill the ball python!
Trog accepts your kill.
No target in view!
No target in view!
No target in view!
No target in view!
No target in view!
No target in view!
No target in view!
You open the door.
A molten gargoyle comes into view. It is wielding a +0 mace.
The molten gargoyle blasts magma at you!
The bolt of magma misses you.
The molten gargoyle hits you with a +0 mace!
You are engulfed in flames!
There is an open door, spattered with blood here.
You claw the molten gargoyle!
The molten gargoyle is moderately damaged.
The molten gargoyle barely misses you.
You barely miss the molten gargoyle.
The molten gargoyle is moderately damaged.
The molten gargoyle closely misses you.
You scratch the molten gargoyle but do no damage.
The molten gargoyle is moderately damaged.
The molten gargoyle hits you with a +0 mace!
You are engulfed in flames!
* * * LOW HITPOINT WARNING * * *
You are too injured to fight recklessly!
A red film seems to cover your vision as you go berserk!
You feel yourself moving faster!
You feel mighty!
The molten gargoyle hits you with a +0 mace!
* * * LOW HITPOINT WARNING * * *
You are engulfed in flames!
You die...

#.#........##.......#
#.#........##.......#
#'###########.......#
#..#.#.## #########
#.......# ##.#.#.##
#..))...#+#
##.#.#.##9+
#.......#@#
##.#.#..'†#
##########


You could see a molten gargoyle.

Vanquished Creatures
  An orc warrior (D)
  A kobold brigand (D)
  An orc priest (D)
  A hound (D)
  A jelly (D)
  Terence (D)
  An adder (D)
  An ufetubus (D)
  2 orcs (D)
  A ball python (D)
  3 giant cockroaches (D)
  A bat (D)
  A frilled lizard (D)
  A quokka zombie (D)
  A rat (D)
18 creatures vanquished.

Notes
Turn   | Place    | Note
-------+----------+-------------------------------------------
     0 | D        | sircluck the Troll Berserker began the quest for the Orb.
     0 | D        | Reached XP level 1. HP: 22/22 MP: 0/0
    31 | D        | Found a bloodstained altar of Trog.
    31 | D        | Found a shimmering blue altar of Sif Muna.
    31 | D        | Found a viscous altar of Jiyva.
    31 | D        | Found a hazy altar of Hepliaklqana.
    31 | D        | Found an opulent altar of Gozag.
    32 | D        | Found a glowing golden altar of the Shining One.
    32 | D        | Found a glowing silver altar of Zin.
    32 | D        | Found a basalt altar of Yredelemnul.
    32 | D        | Found a shimmering altar of Xom.
    32 | D        | Found an ornate altar of the Wu Jian Council.
    32 | D        | Found a sacrificial altar of Ru.
    32 | D        | Found a stormy altar of Qazlal.
    32 | D        | Found an iron altar of Okawaru.
    32 | D        | Found a sparkling altar of Nemelex Xobeh.
    32 | D        | Found a burning altar of Makhleb.
    32 | D        | Found a blossoming altar of Fedhas.
    32 | D        | Found a white marble altar of Elyvilon.
    32 | D        | Found a shadowy altar of Dithmenos.
    32 | D        | Found a snail-covered altar of Cheibriados.
    35 | D        | Found a corrupted altar of Lugonu.
    35 | D        | Found a radiant altar of Vehumet.
    36 | D        | Found an ancient bone altar of Kikubaaqudgha.
    36 | D        | Found a hide-covered altar of Uskayaw.
    36 | D        | Found a broken altar of Ashenzari.
    82 | D        | Reached ** piety under Trog
    83 | D        | Reached XP level 2. HP: 31/31 MP: 1/1
    96 | D        | Reached skill level 4 in Unarmed Combat
   111 | D        | Noticed an orc warrior
   115 | D        | Reached skill level 5 in Unarmed Combat
   115 | D        | Reached XP level 3. HP: 36/39 MP: 2/2
   120 | D        | Killed an orc warrior
   120 | D        | Reached *** piety under Trog
   121 | D        | Reached skill level 5 in Fighting
   121 | D        | Reached skill level 5 in Dodging
   121 | D        | Reached skill level 6 in Unarmed Combat
   121 | D        | Reached XP level 4. HP: 46/50 MP: 3/3
   121 | D        | Reached XP level 5. HP: 52/57 MP: 4/4
   127 | D        | Reached **** piety under Trog
   173 | D        | Noticed Terence
   186 | D        | Killed Terence
   200 | D        | Reached skill level 7 in Unarmed Combat
   203 | D        | Reached XP level 6. HP: 46/68 MP: 5/5
   205 | D        | Reached ***** piety under Trog
   206 | D        | Reached skill level 8 in Unarmed Combat
   243 | D        | Noticed a molten gargoyle
   248 | D        | Slain by a molten gargoyle

Illustrated notes

Levels and vault maps discovered:
D:        pitsprint [storerooms_1, entrance_room_1, metal_vault_2, armoury_3,
          mini_pit_1, grid_room_1, main_hall_1, silver_pit, the_coven_1,
          the_vestibule_1, steel_vault_4, golden_pit, hallway_of_sentries,
          crystal_vault_6, iron_vault_2, final_vault]

Skill      XL: |  1  2  3  4  5  6 |
---------------+-------------------+-----
Fighting       | 3 4 5 6 |  6.7
Dodging        | 3 4 5 6 |  6.7
Unarmed Combat | 5 6 7 8 |  8.0

Action                     |  1- 3 |  4- 6 || total
---------------------------+-------+-------++-------
  Melee: Unarmed           |    29 |    26 ||    55
 Invoke: Berserk           |       |     1 ||     1
 Armour: Animal skin       |    22 |    22 ||    44
  Dodge: Dodged            |    18 |    24 ||    42

Table legend: (Time is in decaauts)
 A = Elapsed time spent in this place.
 B = Non-inter-level travel time spent in this place.
 C = Inter-level travel time spent in this place.
 D = Time resting spent in this place.
 E = Time spent auto-exploring this place.
 F = Levels seen in this place.
 G = Mean time per level.
                   A        B        C        D        E       F      G
               +--------+--------+--------+--------+--------+-----+--------+
         Total |    243 |    243 |      0 |      0 |    112 |   1 |  243.0 |
       Dungeon |    243 |    243 |      0 |      0 |    112 |   1 |  243.0 |
               +--------+--------+--------+--------+--------+-----+--------+

Top non-repeatable levels by time:
       D: 243 daAuts
